 Dungeon Crawl Stone Soup version 0.18-a0-33-g9e10395 (webtiles) character file.

25 MrRokkomies the Sneak (level 3, -1/29 HPs)
             Began as a Formicid Assassin on Nov 5, 2015.
             Slain by an ice beast (12 damage)
             ... on level 14 of the Dungeon.
             The game lasted 00:03:12 (181 turns).

MrRokkomies the Sneak (Formicid Assassin)            Turns: 181, Time: 00:03:13

Health: -1/29      AC:  3    Str: 15    XL:     3   Next: 20%
Magic:  3/3        EV: 12    Int: 11    God:
Gold:   8          SH:  0    Dex: 12    Spells: 0 memorised, 2 levels left

rFire  . . .     SeeInvis +     a - +2 dagger
rCold  . . .     Clarity  .     c - +0 robe
rNeg   . . .     SustAt   .     (no shield)
rPois  .         Gourm    .     (helmet unavailable)
rElec  .         Spirit   .     d - +0 cloak
rCorr  .         Warding  .     (no gloves)
rMut   .         Stasis   +     (no boots)
MR     .....                    (no amulet)
Stlth  +++.......               (no ring)
                                (no ring)

@: not resistant to hostile enchantments, fairly stealthy
A: permanent stasis, dig shafts and tunnels, four strong arms, antennae 3
a: Dig, Shaft Self


You were on level 14 of the Dungeon.
You were hungry.

You visited 1 branch of the dungeon, and saw 9 of its levels.

You collected 8 gold pieces.

Inventory:

Hand Weapons
 a - a +2 dagger (weapon)
 b - a +0 blowgun
Missiles
 e - 13 poisoned needles
 k - a curare-tipped needle
Armour
 c - a +0 robe (worn)
 d - a +0 cloak (worn)
Wands
 i - a wand of teleportation (5)
 j - a wand of confusion (1)
Scrolls
 h - a scroll of enchant weapon {unknown}
Potions
 f - a potion of agility {unknown}
Comestibles
 g - 2 bread rations


   Skills:
 * Level 3.1 Fighting
 - Level 2.0 Short Blades
 - Level 1.5 Throwing
 * Level 1.9 Dodging
 - Level 4.8 Stealth


You had 2 spell levels left.
You didn't know any spells.

Dungeon Overview and Level Annotations

Branches:
Dungeon (14/15)
 Temple: D:4-7         Lair: D:8-11         Orc: D:9-12      Vaults: D:13-14

Altars:

Shops:
D:11 }


Innate Abilities, Weirdness & Mutations

You are under a permanent stasis effect.
You can dig through walls and to a lower floor.
Your four strong arms can wield two-handed weapons with a shield.
You have a pair of large antennae on your head (SInv).


Message History

Press: ? - help, Shift-Dir - straight line, f - orc
Aim: an orc, wielding a short sword and wearing a leather armour (chance to defeat MR: 81%)
The orc appears confused.
Evoking this partially-identified wand wasted a few charges.
The orc hits the ice beast with a short sword.
You hit the orc but do no damage.
You strike the helpless orc from behind!
You puncture the orc!
You kill the orc!
Evoke which item? (* to show all) (? for menu, Esc to quit)
Zapping:
j - a wand of confusion {zapped: 7} (will waste charges)
Press: ? - help, Shift-Dir - straight line, f - ice beast
Aim: an ice beast (lightly wounded, chance to defeat MR: 46%)
The ice beast appears confused.
Evoking this partially-identified wand wasted a few charges.
The ice beast hits you. The ice beast freezes you!
You hit the ice beast.
The ice beast is moderately wounded.
The ice beast hits you. The ice beast freezes you!
You die...

#< #.# #.# ## #.#
#... #.# 8..8.
#####.# ###......
#.....###.'...[[.
#.@YW.#......
#.##### 8..8.
#....## #...
#.....## ##
#....#.#
#####.#.##.#
#..........#
#####..####
#####...##


You could see a freezing wraith and an ice beast (confused).

Vanquished Creatures
  An iguana (D:8)
  3 orcs (D:14)
4 creatures vanquished.

Notes
Turn   | Place    | Note
--------------------------------------------------------------
     0 | D:1      | MrRokkomies the Formicid Assassin began the quest for the Orb.
     0 | D:1      | Reached XP level 1. HP: 16/16 MP: 1/1
     5 | D:1      | You fall through a shaft!
     8 | D:2      | You fall through a shaft!
    11 | D:3      | You fall through a shaft for 2 floors!
    11 | D:5      | Entered Level 5 of the Dungeon
    11 | D:5      | Noticed a crimson imp
    11 | D:5      | Noticed a crimson imp
    15 | D:5      | You fall through a shaft!
    20 | D:6      | You fall through a shaft!
    23 | D:7      | You fall through a shaft!
    23 | D:8      | Noticed a hound
    23 | D:8      | Noticed an iguana
    26 | D:8      | Noticed a giant frog
    30 | D:8      | Noticed a crimson imp
    37 | D:8      | Killed an iguana
    37 | D:8      | Reached skill level 1 in Dodging
    37 | D:8      | Reached XP level 2. HP: 17/24 MP: 2/2
    37 | D:8      | Reached XP level 3. HP: 20/29 MP: 3/3
    58 | D:8      | You fall through a shaft for 3 floors!
    58 | D:11     | Found Cearph's Gadget Shop.
    58 | D:11     | Noticed a red ugly thing
    61 | D:11     | You fall through a shaft for 3 floors!
   139 | D:14     | Noticed a wyvern
   163 | D:14     | Found a runed door.
   169 | D:14     | Noticed a freezing wraith
   169 | D:14     | Noticed an ice beast
   181 | D:14     | Slain by an ice beast

Vault maps used:
D:1:      dpeg_arrival_ternary
D:2:      dk_yredelemnul_ordeal
D:5:      black_bear_nest_2, portal_sewer_entry_c, first_bread, uniq_edmund
D:6:      elyvilon_altar_5, nicolae_overflow_crystal_walls
D:7:      kennysheep_generic_room_9
D:8:      grunt_ogre_cave, hangedman_decor_riveting
D:11:     serial_shops, shop, nicolae_shop_behind_doors, shop,
          hangedman_abyss_or_decor_clamps, minmay_misc_feat_ornament,
          grunt_ministairs_7
D:14:     cheibrodos_stairvault_heist, infiniplex_staircase_door_maze,
          minmay_misc_feat_encased, lightli_church_of_beogh

Action                   || total
-------------------------++-------
Melee: Dagger            ||     5
 Fire: Blowgun           ||     3
 Abil: Shaft Self        ||     8
Evoke: Wand              ||     4
 Stab: Confused          ||     2
